TOP OF THE 1ST |
Maní Bats batting - Pitching for Trondheim Trolls : RHP Yebrir Seif
|
Pitching: RHP Yebrir Seif
|
|
Batting: LHB Grigorii Vigorov
|
0-0: Ball 1-0: Ground out U3 (Groundball, 3, EV 83.8 MPH)
|
Batting: RHB Jara Akintunde
|
0-0: Ball 1-0: Ball 2-0: Called Strike 2-1: Ground out 5-3 (Groundball, 56, EV 83.8 MPH)
|
Batting: RHB Hymete Mapemba
|
0-0: Ball 1-0: Called Strike 1-1: Foul Ball, location: 2F 1-2: Ball 2-2: Ball 3-2: Foul Ball, location: 3DF 3-2: Fly out, F7 (Flyball, 7D, EV 91.9 MPH)
|
Top of the 1st over - 0 runs, 0 hits, 0 errors, 0 left on base; Maní 0 - Trondheim 0 |
BOTTOM OF THE 1ST |
Trondheim Trolls batting - Pitching for Maní Bats : RHP Amir Bouchet
|
Pitching: RHP Amir Bouchet
|
|
Batting: RHB Tariq Arain
|
0-0: Ball 1-0: Ground out 5-3 (Groundball, 5, EV 86.9 MPH)
|
Batting: RHB Seifu Issa
|
0-0: Ball 1-0: Called Strike 1-1: Fly out, F4 (Line Drive, 4, EV 64.4 MPH)
|
Batting: RHB Abdel Minkah
|
0-0: Ball 1-0: Ball 2-0: Ball 3-0: Base on Balls
|
Batting: RHB Hui-ying Tah
|
0-0: Ball 1-0: Ball 2-0: Foul Ball, location: 25F 2-1: Fly out, F6 (Line Drive, 6M, EV 70.6 MPH)
|
Bottom of the 1st over - 0 runs, 0 hits, 0 errors, 1 left on base; Maní 0 - Trondheim 0 |
TOP OF THE 2ND |
Maní Bats batting - Pitching for Trondheim Trolls : RHP Yebrir Seif
|
Batting: RHB Unggul Adjeng
|
0-0: Called Strike 0-1: Swinging Strike 0-2: Ball 1-2: Foul Ball, location: 2F 1-2: Ball 2-2: Foul Ball, location: 2F 2-2: Strikes out looking
|
Batting: LHB Roberto Maldonado
|
0-0: Ball 1-0: Called Strike 1-1: Ball 2-1: Called Strike 2-2: Ball 3-2: Ground out 6-3 (Groundball, 56, EV 78.8 MPH)
|
Batting: RHB Himmi Ismael
|
0-0: Called Strike 0-1: Ball 1-1: DOUBLE (Flyball, 78D, EV 100.0 MPH)
|
Batting: RHB Lao-sheng Jung
|
0-0: SINGLE (Groundball, 34D, EV 102.5 MPH) Himmi Ismael to third Runner from 3rd tries for Home, SAFE, throw by RF to home
|
Batting: RHB Kagera Bomani
|
0-0: Swinging Strike 0-1: Ball 1-1: Foul Ball, location: 7LSF 1-2: Strikes out swinging
|
Top of the 2nd over - 1 run, 2 hits, 0 errors, 1 left on base; Maní 1 - Trondheim 0 |
BOTTOM OF THE 2ND |
Trondheim Trolls batting - Pitching for Maní Bats : RHP Amir Bouchet
|
Batting: RHB Eshetu Kitwana
|
0-0: Ball 1-0: Called Strike 1-1: Called Strike 1-2: Fly out, F7 (Flyball, 7D, EV 102.5 MPH)
|
Batting: RHB Zainal Buenaventura
|
0-0: Fly out, F9 (Flyball, 9, EV 100.0 MPH)
|
Batting: RHB Ghiyath bin Muhammad
|
0-0: Ball 1-0: Ball 2-0: SINGLE (Groundball, 34D, EV 98.8 MPH)
|
Batting: LHB Samir Asad
|
0-0: Called Strike 0-1: Called Strike 0-2: Ball 1-2: Strikes out swinging
|
Bottom of the 2nd over - 0 runs, 1 hit, 0 errors, 1 left on base; Maní 1 - Trondheim 0 |
TOP OF THE 3RD |
Maní Bats batting - Pitching for Trondheim Trolls : RHP Yebrir Seif
|
Batting: RHB Muaz Gamal
|
0-0: SINGLE (Groundball, 34D, EV 95.6 MPH)
|
Batting: LHB Grigorii Vigorov
|
0-0: Sac Bunt to 13 - play at first, batter OUT! 1-3 Muaz Gamal to second
|
Batting: RHB Jara Akintunde
|
0-0: Ball 1-0: Called Strike 1-1: Ball Muaz Gamal is caught stealing 3rd base 2-5 2-1: Ball 3-1: Ground out U3 (Groundball, 34S, EV 61.9 MPH)
|
Top of the 3rd over - 0 runs, 1 hit, 0 errors, 0 left on base; Maní 1 - Trondheim 0 |
BOTTOM OF THE 3RD |
Trondheim Trolls batting - Pitching for Maní Bats : RHP Amir Bouchet
|
Batting: LHB Antarvedi Puli
|
0-0: Ball 1-0: Foul Ball, location: 2F 1-1: Called Strike 1-2: Foul Ball, location: 2F 1-2: Foul Ball, location: 2F 1-2: Strikes out swinging
|
Batting: RHB Tariq Arain
|
0-0: SINGLE (Groundball, 15S, EV 68.8 MPH) (infield hit)
|
Batting: RHB Seifu Issa
|
0-0: Foul Ball, location: 23F 0-1: Ball 1-1: SINGLE (Line Drive, 78M, EV 100.0 MPH) Tariq Arain to second
|
Batting: RHB Abdel Minkah
|
0-0: Ball 1-0: Fly out, F9 (Line Drive, 89M, EV 88.1 MPH)
|
Batting: RHB Hui-ying Tah
|
0-0: Called Strike 0-1: Fielders Choice at 2nd, 6-4 (Groundball, 6, EV 87.5 MPH)
|
Bottom of the 3rd over - 0 runs, 2 hits, 0 errors, 2 left on base; Maní 1 - Trondheim 0 |
TOP OF THE 4TH |
Maní Bats batting - Pitching for Trondheim Trolls : RHP Yebrir Seif
|
Batting: RHB Hymete Mapemba
|
0-0: Ball 1-0: Called Strike 1-1: Fly out, F8 (Flyball, 89S, EV 91.9 MPH)
|
Batting: RHB Unggul Adjeng
|
0-0: Foul Ball, location: 9LSF 0-1: Foul Ball, location: 2F 0-2: Ball 1-2: Foul Ball, location: 2F 1-2: Ball 2-2: Ground out 6-3 (Groundball, 6, EV 84.4 MPH)
|
Batting: LHB Roberto Maldonado
|
0-0: Ball 1-0: Ground out 3-1 (Groundball, 34, EV 83.8 MPH)
|
Top of the 4th over - 0 runs, 0 hits, 0 errors, 0 left on base; Maní 1 - Trondheim 0 |
BOTTOM OF THE 4TH |
Trondheim Trolls batting - Pitching for Maní Bats : RHP Amir Bouchet
|
Batting: RHB Eshetu Kitwana
|
0-0: Ball 1-0: Ball 2-0: Ball 3-0: Called Strike 3-1: Called Strike 3-2: Foul Ball, location: 3F 3-2: Foul Ball, location: 9LSF 3-2: Foul Ball, location: 2RF 3-2: Foul Ball, location: 23F 3-2: Base on Balls
|
Batting: RHB Zainal Buenaventura
|
0-0: Called Strike 0-1: Foul Ball, location: 2F 0-2: Grounds into double play, 4-6-3 (Groundball, 4, EV 88.8 MPH)
|
Batting: RHB Ghiyath bin Muhammad
|
0-0: Called Strike 0-1: Ball 1-1: Ground out 4-3 (Groundball, 4S, EV 80.6 MPH)
|
Bottom of the 4th over - 0 runs, 0 hits, 0 errors, 0 left on base; Maní 1 - Trondheim 0 |
TOP OF THE 5TH |
Maní Bats batting - Pitching for Trondheim Trolls : RHP Yebrir Seif
|
Batting: RHB Himmi Ismael
|
0-0: Ball 1-0: Ball 2-0: Ground out 1-3 (Groundball, 15S, EV 70.6 MPH)
|
Batting: RHB Lao-sheng Jung
|
0-0: Ball 1-0: Called Strike 1-1: Ground out 6-3 (Groundball, 6, EV 83.1 MPH)
|
Batting: RHB Kagera Bomani
|
0-0: Called Strike 0-1: Ball 1-1: Swinging Strike 1-2: Ground out 6-3 (Groundball, 6M, EV 106.3 MPH)
|
Top of the 5th over - 0 runs, 0 hits, 0 errors, 0 left on base; Maní 1 - Trondheim 0 |
BOTTOM OF THE 5TH |
Trondheim Trolls batting - Pitching for Maní Bats : RHP Amir Bouchet
|
Batting: LHB Samir Asad
|
0-0: Ball 1-0: Ball 2-0: Called Strike 2-1: Foul Ball, location: 2F 2-2: Ground out 6-3 (Groundball, 6S, EV 73.1 MPH)
|
Batting: LHB Antarvedi Puli
|
0-0: Ball 1-0: Foul Ball, location: 7LSF 1-1: Ball 2-1: Ground out 3-1 (Groundball, 34, EV 101.9 MPH)
|
Batting: RHB Tariq Arain
|
0-0: SINGLE (Groundball, 56D, EV 107.5 MPH) (infield hit)
|
Batting: RHB Seifu Issa
|
0-0: Ball 1-0: Fielders Choice at 2nd, 6-4 (Groundball, 6, EV 109.4 MPH)
|
Bottom of the 5th over - 0 runs, 1 hit, 0 errors, 1 left on base; Maní 1 - Trondheim 0 |
TOP OF THE 6TH |
Maní Bats batting - Pitching for Trondheim Trolls : RHP Yebrir Seif
|
Batting: RHB Muaz Gamal
|
0-0: Called Strike 0-1: Ball 1-1: Ball 2-1: Ball 3-1: Base on Balls
|
Batting: LHB Grigorii Vigorov
|
0-0: Ball 1-0: Sac Bunt to 3S - play at first, batter safe! Muaz Gamal to second
|
Batting: RHB Jara Akintunde
|
0-0: Ball 1-0: Sac Bunt to 2R - play at first, batter OUT! 2-3 Muaz Gamal to third Grigorii Vigorov to second
|
Batting: RHB Hymete Mapemba
|
0-0: Called Strike 0-1: Called Strike 0-2: Strikes out swinging
|
Batting: RHB Unggul Adjeng
|
0-0: Ball 1-0: Called Strike 1-1: Ground out 4-3 (Groundball, 4M, EV 101.9 MPH)
|
Top of the 6th over - 0 runs, 1 hit, 0 errors, 2 left on base; Maní 1 - Trondheim 0 |
BOTTOM OF THE 6TH |
Trondheim Trolls batting - Pitching for Maní Bats : RHP Amir Bouchet
|
Batting: RHB Abdel Minkah
|
0-0: Ball 1-0: SINGLE (Line Drive, 6M, EV 101.9 MPH)
|
Batting: RHB Hui-ying Tah
|
0-0: Ball 1-0: Foul Ball, location: 2F 1-1: Grounds into double play, 6-4-3 (Groundball, 6, EV 98.8 MPH)
|
Batting: RHB Eshetu Kitwana
|
0-0: Swinging Strike 0-1: Ground out 5-3 (Groundball, 56, EV 85.6 MPH)
|
Bottom of the 6th over - 0 runs, 1 hit, 0 errors, 0 left on base; Maní 1 - Trondheim 0 |
TOP OF THE 7TH |
Maní Bats batting - Pitching for Trondheim Trolls : RHP Yebrir Seif
|
Batting: LHB Roberto Maldonado
|
0-0: Ball 1-0: Ball 2-0: Ball 3-0: Ground out 4-3 (Groundball, 34D, EV 110.0 MPH)
|
Batting: RHB Himmi Ismael
|
0-0: Ball 1-0: Swinging Strike 1-1: Ball 2-1: Foul Ball, location: 7LSFF 2-2: Ground out 1-3 (Groundball, 13, EV 63.8 MPH)
|
Batting: RHB Lao-sheng Jung
|
0-0: Called Strike 0-1: Ball 1-1: Fly out, F9 (Flyball, 89M, EV 76.9 MPH)
|
Top of the 7th over - 0 runs, 0 hits, 0 errors, 0 left on base; Maní 1 - Trondheim 0 |
BOTTOM OF THE 7TH |
Trondheim Trolls batting - Pitching for Maní Bats : RHP Amir Bouchet
|
Batting: RHB Zainal Buenaventura
|
0-0: Ball 1-0: Foul Ball, location: 7LMF 1-1: Foul Ball, location: 7LDF 1-2: Ball 2-2: Foul Ball, location: 3FF 2-2: Ball 3-2: Strikes out swinging
|
Batting: RHB Ghiyath bin Muhammad
|
0-0: Ball 1-0: Ball 2-0: Ball 3-0: Called Strike 3-1: Ground out 6-3 (Groundball, 6, EV 102.5 MPH)
|
Batting: LHB Samir Asad
|
0-0: Ball 1-0: Called Strike 1-1: Foul Ball, location: 2F 1-2: Strikes out swinging
|
Bottom of the 7th over - 0 runs, 0 hits, 0 errors, 0 left on base; Maní 1 - Trondheim 0 |
TOP OF THE 8TH |
Maní Bats batting - Pitching for Trondheim Trolls : RHP Yebrir Seif
|
Batting: RHB Kagera Bomani
|
0-0: Ball 1-0: Foul Ball, location: 2F 1-1: Foul Ball, location: 7LSF 1-2: Ground out 6-3 (Groundball, 6, EV 80.0 MPH)
|
Batting: RHB Muaz Gamal
|
0-0: Foul Ball, location: 2F 0-1: Foul Ball, location: 2F 0-2: Ball 1-2: Ball 2-2: DOUBLE (Line Drive, 78D, EV 110.6 MPH)
|
Batting: LHB Grigorii Vigorov
|
0-0: Ground out 3-1 (Groundball, 34, EV 88.1 MPH) Muaz Gamal to third
|
Batting: RHB Jara Akintunde
|
0-0: Ground out 6-3 (Groundball, 6, EV 78.8 MPH)
|
Top of the 8th over - 0 runs, 1 hit, 0 errors, 1 left on base; Maní 1 - Trondheim 0 |
BOTTOM OF THE 8TH |
Trondheim Trolls batting - Pitching for Maní Bats : RHP Amir Bouchet
|
Batting: LHB Antarvedi Puli
|
0-0: Called Strike 0-1: Ball 1-1: SINGLE (Groundball, 6MD, EV 110.6 MPH)
|
Pitching: RHP Dasuri Chikodi
|
|
Batting: RHB Tariq Arain
|
0-0: Sac Bunt to 13 - play at second, runner OUT! 1-6
|
Batting: RHB Seifu Issa
|
0-0: Ball 1-0: Foul Ball, location: 3F 1-1: Foul Ball, location: 2F 1-2: Foul Ball, location: 3FF 1-2: Ball 2-2: Fielders Choice at 2nd, 5-4 (Groundball, 5, EV 100.0 MPH)
|
Batting: RHB Abdel Minkah
|
0-0: Foul Ball, location: 3F 0-1: Ball 1-1: Ball 2-1: Swinging Strike 2-2: Ball 3-2: Foul Ball, location: 3SF 3-2: Ground out 4-3 (Groundball, 34, EV 103.1 MPH)
|
Bottom of the 8th over - 0 runs, 1 hit, 0 errors, 1 left on base; Maní 1 - Trondheim 0 |
TOP OF THE 9TH |
Maní Bats batting - Pitching for Trondheim Trolls : RHP Yebrir Seif
|
Batting: RHB Hymete Mapemba
|
0-0: Ball 1-0: Swinging Strike 1-1: Fly out, F9 (Flyball, 9S, EV 92.5 MPH)
|
Batting: RHB Unggul Adjeng
|
0-0: DOUBLE (Flyball, 8RXD, EV 108.8 MPH)
|
Batting: LHB Roberto Maldonado
|
0-0: Called Strike 0-1: Ball 1-1: Foul Ball, location: 23F 1-2: Foul Ball, location: 7LMF 1-2: Strikes out swinging
|
Batting: RHB Himmi Ismael
|
0-0: Ball 1-0: SINGLE (Line Drive, 9LS, EV 103.1 MPH) Unggul Adjeng to third Runner from 3rd tries for Home, throw by RF and OUT! 9-2
|
Top of the 9th over - 0 runs, 2 hits, 0 errors, 1 left on base; Maní 1 - Trondheim 0 |
BOTTOM OF THE 9TH |
Trondheim Trolls batting - Pitching for Maní Bats : RHP Dasuri Chikodi
|
Pitching: RHP Berkan Nkuku
|
|
Batting: RHB Hui-ying Tah
|
0-0: Ball 1-0: Called Strike 1-1: Foul Ball, location: 2F 1-2: Fly out, F4 (Line Drive, 4M, EV 71.3 MPH)
|
Pinch Hitting: LHB Matysh Meilunas
|
0-0: Called Strike 0-1: Ball 1-1: Called Strike 1-2: SINGLE (Groundball, 6D, EV 98.1 MPH)
|
Batting: RHB Zainal Buenaventura
|
0-0: Ball 1-0: Grounds into double play, 6-4-3 (Groundball, 6, EV 96.9 MPH)
|
Bottom of the 9th over - 0 runs, 1 hit, 0 errors, 0 left on base; Maní 1 - Trondheim 0 |
|